 Dungeon Crawl Stone Soup version 0.24-a0-170-gd8427f5 (webtiles) character file.

Game seed: 10587776970728701294

11 Azzok the Insei (level 2, -1/18 HPs)
             Began as an Octopode Transmuter on Mar 10, 2019.
             Slain by a worm (9 damage)
             ... on level 2 of the Dungeon.
             The game lasted 00:00:52 (648 turns).

Azzok the Insei (Octopode Transmuter)                Turns: 648, Time: 00:00:53

Health: -1/18      AC:  1    Str:  9    XL:     2   Next: 29%
Magic:  4/5        EV: 13    Int: 15    God:
Gold:   56         SH:  0    Dex: 12    Spells: 4/5 levels left

rFire    . . .     SeeInvis .     - Unarmed
rCold    + . .     Gourm    .   (no shield)
rNeg     . . .     Faith    .   (helmet restricted)
rPois    .         Spirit   .   (no amulet)
rElec    .         Reflect  .   e - ring of protection from cold
rCorr    .         Harm     .   (no ring)
MR       .....                  (no ring)
Stlth    ++........             (no ring)
HPRegen  0.06/turn              (no ring)
MPRegen  0.09/turn              (no ring)
                                (no ring)
                                (no ring)

@: appendage
A: almost no armour, stealthy swim, amphibious, 8 rings, constrict 8, tentacle
spike 3, camouflage 1, gelatinous body 1
a: End Transformation


You were on level 2 of the Dungeon.
You were not hungry.
One of your tentacles had a temporary spike.
You visited 1 branch of the dungeon, and saw 2 of its levels.

You collected 56 gold pieces.

Inventory:

Missiles
 a - 12 arrows
Jewellery
 e - a ring of protection from cold (left tentacle)
Potions
 d - a potion of resistance {unknown}
 f - 2 potions of heal wounds {unknown}
 g - a potion of brilliance {unknown}
Comestibles
 b - 2 chunks of flesh
 c - 3 rations


   Skills:
 - Level 1.0 Fighting
 - Level 2.0 Dodging
 - Level 3.0 Unarmed Combat
 + Level 2.2 Spellcasting
 * Level 2.6 Transmutations


You had 4 spell levels left.
You knew the following spells:

 Your Spells              Type           Power        Failure   Level  Hunger
a - Beastly Appendage     Tmut           #.....       8%          1    #......

Your spell library contained the following spells:

 Spells                   Type           Power        Failure   Level  Hunger
 Sticks to Snakes         Tmut           #.......     12%         2    ###....
 Spider Form              Tmut/Pois      #.........   36%         3    ###....
 Ice Form                 Ice/Tmut       #.......     77%         4    #####..
 Blade Hands              Tmut           #.........   91%         5    ######.


Dungeon Overview and Level Annotations

Branches:
Dungeon (2/15)

Altars:


Innate Abilities, Weirdness & Mutations

You cannot wear most types of armour.
You are very stealthy in the water. (Stealth+)
You are amphibious.
You can wear up to eight rings at the same time.
You can use your tentacles to constrict eight enemies at once.
Your skin changes colour to match your surroundings (Stealth+).
Your rubbery body absorbs attacks. (AC +1, EV +1)
One of your tentacles bears a large vicious spike.


Message History

Found a robe and a club.
You see here a robe.
A worm comes into view.
A worm is nearby!
Casting: Beastly Appendage (safe; 8% risk of failure)
Confirm with . or Enter, or press ? or * to list all spells.
One of your tentacles grows a vicious spike.
Unknown command.
You tentacle-slap the worm. You grab the worm.
The worm is lightly wounded.
You constrict the worm. The worm bites you!
Ouch! That really hurt!
You tentacle-slap the worm but do no damage.
The worm is lightly wounded.
You constrict the worm. You barely miss the worm.
You pierce the worm.
The worm is heavily wounded.
You constrict the worm. The worm bites you!
Ouch! That really hurt!
You die...

▒▒▒▒▒▒▒▒▒▒ ▒········▒
▒········▒▒▒▒▒▒▒
▒········▒·····▒
▒········▒·····▒▒▒▒▒▒▒
▒·············)[···>·▒
▒····@···▒·····▒▒▒·▒·▒
▒···w····▒·····▒▒·)···
▒········▒▒▒▒▒▒▒·····▒
▒▒▒▒▒·▒▒▒▒ ▒▒···▒▒ ▒··
▒▒·▒▒ ▒▒▒ ▒·▒ ▒·▒ ▒·▒
▒·▒ ▒·▒ ▒▒'▒▒ ▒·▒
▒▒···▒▒


You could see a worm.

Vanquished Creatures
  2 goblins
  A hobgoblin (D:1)
  2 kobolds (D:2)
  3 bats (D:1)
  2 frilled lizards
  A rat (D:1)
11 creatures vanquished.

Notes
Turn   | Place    | Note
-------+----------+-------------------------------------------
     0 | D:1      | Azzok the Octopode Transmuter began the quest for the Orb.
     0 | D:1      | Reached XP level 1. HP: 13/13 MP: 3/3
   426 | D:1      | Reached XP level 2. HP: 17/18 MP: 5/5
   648 | D:2      | Slain by a worm

Levels and vault maps discovered:
D:1:      elethiomel_arrival_quiet, layout_basic, minmay_misc_feat_cross
D:2:      layout_loops_corners, lemuel_crystal_altar,
          nicolae_dithmenos_shadow_blocks, okawaru_metal_pillars_1_2, uniq_robin

Action                   || total
-------------------------++-------
Melee: Unarmed           ||    25
       Constrict         ||     7
       Tentacles         ||     3
       Kick              ||     1
 Cast: Beastly Appendage ||     1
 Stab: Sleeping          ||     3
Armor: Skin              ||     3
Dodge: Dodged            ||    15

Table legend:
 A = Non-vault XP
 B = Vault XP
 C = Vault XP percentage of total XP
 D = Non-vault monster count
 E = Vault monster count
 F = Vault count percentage of total count
                 A         B        C        D         E       F
            +---------+---------+-------+---------+---------+-------
      Total |      17 |       0 |   0.0 |      11 |       0 |   0.0
            +---------+---------+-------+---------+---------+-------
        D:1 |      10 |       0 |   0.0 |       7 |       0 |   0.0
        D:2 |       7 |       0 |   0.0 |       4 |       0 |   0.0
            +---------+---------+-------+---------+---------+-------
